 Dungeon Crawl Stone Soup version 0.27.1-34-g3ba077fa99 (webtiles) character file.

Game seed: 1770412114859774794

42 cbfl8 the Chopper (level 3, 0/33 HPs)
             Began as a Minotaur Monk on Jan 14, 2022.
             Slain by a goblin (2 damage)
             ... led by Robin
             ... on level 2 of the Dungeon.
             The game lasted 00:04:45 (1523 turns).

cbfl8 the Chopper (Minotaur Monk)                   Turns: 1523, Time: 00:04:46

Health: 0/33       AC:  2    Str: 15    XL:     3   Next: 33%
Magic:  2/2        EV:  8    Int:  8    God:
Gold:   74         SH: 15    Dex: 12    Spells: 2/2 levels left

rFire    . . .     SeeInvis .   a - +0 hand axe
rCold    . . .     Faith    .   c - +0 tower shield
rNeg     . . .     Spirit   .   b - +0 robe
rPois    .         Reflect  +   (helmet restricted)
rElec    .         Harm     .   (no cloak)
rCorr    .         Rampage  .   (no gloves)
Will     .....                  (no boots)
Stlth    ++........             j - amulet of reflection
HPRegen  0.11/turn              (no ring)
MPRegen  0.08/turn              (no ring)

@: no status effects
A: horns 2, retaliatory headbutt
a: no special abilities


You were on level 2 of the Dungeon.
You visited 1 branch of the dungeon, and saw 2 of its levels.

You collected 74 gold pieces.

Inventory:

Hand Weapons
 a - a +0 hand axe (weapon)
Missiles
 d - 20 arrows
Armour
 b - a +0 robe (worn)
 c - a +0 tower shield (worn)
 h - a +0 helmet
Jewellery
 j - an amulet of reflection (around neck)
Scrolls
 e - a scroll of noise {unknown}
 g - a scroll of magic mapping {unknown}
Potions
 f - a potion of lignification {unknown}
 i - 2 potions of degeneration {unknown}


   Skills:
 + Level 4.1 Fighting
 + Level 4.2 Axes
 + Level 4.0 Dodging
 + Level 1.6 Stealth
 + Level 0.3 Shields


You had 2 spell levels left.
You didn't know any spells.
Your spell library contained the following spells:

 Spells                   Type           Power      Damage    Failure   Level
 Corona                   Hex            0%         N/A       100%        1
 Ensorcelled Hibernation  Hex/Ice        0%         N/A       100%        2
 Tukima's Dance           Hex            0%         N/A       100%        3


Dungeon Overview and Level Annotations

Branches:
Dungeon (2/15)

Altars:

Annotations:
D:2 Robin


Innate Abilities, Weirdness & Mutations

You have a pair of horns on your head.
You reflexively headbutt those who attack you in melee.


Message History

The goblin barely misses you.
Robin flexes a bicep menacingly.
Robin throws the goblin at you!
Your shield prevents you from hitting the goblin.
You hit the goblin. You hit the hobgoblin but do no damage.
You block the hobgoblin's attack. You block the goblin's attack.
The goblin hits you with a +0 club.
* * * LOW HITPOINT WARNING * * *
You slash the goblin!
You kill the goblin!
You barely miss the goblin. You hit the hobgoblin but do no damage.
You hit the goblin.
The goblin no longer looks unusually strong.
The hobgoblin hits you.
* * * LOW HITPOINT WARNING * * *
You block the goblin's attack. x2; The hobgoblin hits you.
* * * LOW HITPOINT WARNING * * *
Robin throws the goblin at you!
* * * LOW HITPOINT WARNING * * *
You block the goblin's attack. The goblin hits you but does no damage.
You block the goblin's attack.
You hit the goblin.
You kill the goblin!
You hit the goblin. You barely miss the hobgoblin. You hit the goblin.
You kill the goblin!
You block the hobgoblin's attack. The goblin hits you with a +0 club.
* * * LOW HITPOINT WARNING * * *
Your Dodging skill increases to level 4!
The goblin no longer looks unusually strong. x2
Robin says, "Bow before me, strongest of all the hobgoblins!"
Robin throws the goblin at you!
* * * LOW HITPOINT WARNING * * *
Things that are here:
a +0 dagger; a +0 club; a goblin corpse You hit the goblin.
The goblin is moderately wounded.
You hit the hobgoblin but do no damage. You block the hobgoblin's attack.
You block the goblin's attack. The hobgoblin closely misses you.
The goblin hits you with a +0 dagger.
You die...

......# .....#
#.... .g. #r#
#.#######g#######
..?....ggg.....>
#.######g#######
..#<# #@# #.#.#
#g# #.#.# #.#
#...# #.# ##..#
#.# ####..# #.#
#.....###.#
#.....#...#
#.....#.#.#


You could see 3 hobgoblins, 4 goblins and a rat.

Vanquished Creatures
  6 ball pythons
  3 bats (D:1)
  An endoplasm (D:1)
  A giant cockroach (D:1)
  8 goblins
  5 hobgoblins
  4 jackals (D:1)
  2 quokkas (D:1)
  2 frilled lizards (D:1)
  2 kobolds (D:1)
  A rat (D:1)
35 creatures vanquished.

Notes
Turn   | Place    | Note
-------+----------+-------------------------------------------
     0 | D:1      | cbfl8 the Minotaur Monk began the quest for the Orb.
     0 | D:1      | Reached XP level 1. HP: 19/19 MP: 0/0
   311 | D:1      | Reached XP level 2. HP: 20/27 MP: 1/1
   940 | D:1      | Reached XP level 3. HP: 32/33 MP: 2/2
  1509 | D:2      | Noticed Robin
  1523 | D:2      | Slain by a goblin

Illustrated notes

Levels and vault maps discovered:
D:1:      dpeg_arrival_chambers_temple_mockup, layout_loops_ring, minmay_cut_off
D:2:      layout_basic, hellmonk_ecumenical_altar_arch_garden, uniq_robin

Skill      XL: |  1  2  3 |
---------------+----------+-----
Axes           | 4 |  4.2
Fighting       | 4 |  4.1
Dodging        | 4 |  4.0
Stealth        | |  1.6
Shields        | |  0.3

Action                   || total
-------------------------++-------
Melee: Hand axe          ||    72
       Headbutt          ||    11
Armor: Robe              ||    24
Dodge: Dodged            ||    28
Block: Tower shield      ||    69
